 Dungeon Crawl Stone Soup version 0.27.1-3-gb3d3a73c9e (webtiles) character file.

Game seed: 12519368904110331809

550 CuBeRJAN3 the Magician (level 7, -6/41 HPs)
             Began as a Deep Elf Fire Elementalist on Oct 6, 2021.
             Was an Initiate of Vehumet.
             Mangled by an ogre (20 damage)
             ... on level 4 of the Dungeon.
             The game lasted 00:17:26 (5268 turns).

CuBeRJAN3 the Magician (Deep Elf Fire Elementalist) Turns: 5268, Time: 00:17:26

Health: -6/41      AC:  6    Str:  5    XL:     7   Next: 7%
Magic:  17/17      EV: 12    Int: 28    God:    Vehumet [......]
Gold:   132        SH:  5    Dex: 15    Spells: 4/17 levels left

rFire    . . .     SeeInvis .   e - +0 dagger
rCold    . . .     Faith    .   (no shield)
rNeg     . . .     Spirit   .   a - +0 robe
rPois    .         Reflect  +   b - +0 helmet
rElec    .         Harm     .   u - +0 cloak
rCorr    .         Rampage  .   (no gloves)
Will     .....                  l - +1 pair of boots
Stlth    +++.......             q - amulet of reflection
HPRegen  0.13/turn              g - +6 ring of intelligence
MPRegen  0.15/turn              d - ring of flight

@: flying
A: no striking features
a: Renounce Religion


You were on level 4 of the Dungeon.
You worshipped Vehumet.
Vehumet was noncommittal.
You visited 2 branches of the dungeon, and saw 6 of its levels.

You collected 132 gold pieces.

Inventory:

Hand Weapons
 e - a +0 dagger (weapon)
Armour
 a - a +0 robe (worn)
 b - a +0 helmet (worn)
 l - a +1 pair of boots (worn)
 u - a +0 cloak (worn)
Jewellery
 d - a ring of flight (right hand)
 g - a +6 ring of intelligence (left hand)
 h - a ring of protection from cold
 n - a ring of ice
 q - an amulet of reflection (around neck)
Scrolls
 c - a scroll of brand weapon {unknown}
 j - a scroll of noise {unknown}
 o - a scroll of teleportation {unknown}
 s - a scroll of fog {unknown}
 t - a scroll of identify
Potions
 f - a potion of heal wounds
 i - 2 potions of curing
 k - a potion of brilliance {unknown}
 m - 2 potions of mutation {unknown}
 p - 2 potions of haste {unknown}
 r - a potion of flight {unknown}


   Skills:
 * Level 3.0 Fighting
 - Level 2.4 Dodging
 + Level 4.2 Stealth
 * Level 5.6 Spellcasting
 + Level 3.0 Conjurations
 + Level 2.8 Hexes
 + Level 4.3 Fire Magic


You had 4 spell levels left.
You knew the following spells:

 Your Spells              Type           Power      Damage    Failure   Level
a - Foxfire               Conj/Fire      100%       2x1d9     1%          1
b - Conjure Flame         Conj/Fire      28%        6-21      4%          3
c - Inner Flame           Hex/Fire       28%        N/A       4%          3
d - Slow                  Hex            23%        N/A       3%          2
e - Sticky Flame          Conj/Fire      28%        2d5       14%         4

Your spell library contained the following spells:

 Spells                   Type           Power      Damage    Failure   Level
 Confusing Touch          Hex            23%        N/A       6%          3
 Vampiric Draining        Necr           3%         2d6       19%         3
 Fireball                 Conj/Fire      14%        3d8       36%         5


Dungeon Overview and Level Annotations

Branches:
Dungeon (5/15)             Temple (1/1) D:4

Altars:
Ashenzari
Cheibriados
Dithmenos
Elyvilon
Fedhas
Kikubaaqudgha
Makhleb
Nemelex Xobeh
Okawaru
Qazlal
Ru
Sif Muna
Uskayaw
Vehumet
Wu Jian
Xom
Zin

Annotations:
D:4 Grinder


Message History

Casting: Foxfire (safe; 1% risk of failure)
Confirm with . or Enter, or press ? or * to list all spells.
The fire begins to smoulder!
The fire ignites!
Casting: Conjure Flame (dangerous; 4% risk of failure)
Confirm with . or Enter, or press ? or * to list all spells.
Aiming: Inner Flame (dangerous; 4% risk of failure)
Press: ? - help, Shift-Dir - straight line, f - ogre
Aim: an ogre, wielding a +0 giant spiked club (chance to affect: 83%)
The ogre is filled with an inner flame.
Casting: Foxfire (safe; 1% risk of failure)
Press: ? - help, Q - select action, (/) - cycle Dir - look around, f - activate You conjure some foxfire!
Casting: Foxfire (safe; 1% risk of failure)
Press: ? - help, Q - select action, (/) - cycle Dir - look around, f - activate You conjure some foxfire!
Your foxfire dissipates!
A necrophage comes into view.
The ogre's inner flame fades away.
There is a stone staircase leading up here.
You fly upwards.
Level annotation: Grinder
There is a stone staircase leading down here.
You start resting.
Magic restored.
You fly downwards.
The necrophage hits you.
The ogre hits you with a +0 giant spiked club!
The necrophage hits you.
There is a stone staircase leading up, spattered with blood here.
The ogre hits you with a +0 giant spiked club!
* * * LOW HITPOINT WARNING * * *
The necrophage barely misses you.
You fly upwards.
Level annotation: Grinder
There is a stone staircase leading down here.
Okay, then.
You block the ogre's attack.
There is a stone staircase leading up, spattered with blood here.
The ogre hits you with a +0 giant spiked club!!
You die...

#..........................# #...
####.......................# #...
...............#+#.........# #...
...............#.#.#.#+#...# #...
.......#...............#...###...
.......#...........#####.........
......)..[.......................
....)...[.###.n...######.........
............#..O@..(.............
............#....#..............#
#.#............#.......#........#
..)...##.............#.#..(.....#
......##........................#
......##.###....................#
.>.......................).......
.......#.#...#####.##...........#
.......#.#...#####.##...........#


You could see an ogre and a necrophage.

Vanquished Creatures
  An orc warrior (D:4)
  A black bear (D:4)
  2 hounds
  3 orc priests (D:4)
  An iguana (D:5)
  2 orc wizards (D:4)
  4 adders
  An ufetubus (D:4)
  A worm (D:2)
  2 dart slugs (D:1)
  10 orcs
  7 bats
  7 endoplasms
  4 giant cockroaches
  6 goblins
  8 hobgoblins
  4 jackals (D:3)
  3 quokkas
  7 ball pythons
  5 frilled lizards
  8 kobolds
  A rat (D:1)
88 creatures vanquished.

Vanquished Creatures (others)
  276 foxfires
  11 fungi (D:2)
  A plant (D:2)
288 creatures vanquished.

Grand Total: 376 creatures vanquished

Notes
Turn   | Place    | Note
-------+----------+-------------------------------------------
     0 | D:1      | CuBeRJAN3 the Deep Elf Fire Elementalist began the quest
                  | for the Orb.
     0 | D:1      | Reached XP level 1. HP: 10/10 MP: 6/6
   434 | D:1      | Reached XP level 2. HP: 16/16 MP: 2/8
   832 | D:1      | Reached skill level 1 in Fighting
  1172 | D:1      | Reached XP level 3. HP: 12/20 MP: 7/10
  1301 | D:1      | Learned a level 3 spell: Conjure Flame
  1305 | D:1      | Learned a level 3 spell: Inner Flame
  1307 | D:2      | You fall into a shaft and drop 2 floors!
  1662 | D:2      | Found a glowing silver altar of Zin.
  1690 | D:2      | Found a faded altar of an unknown god.
  1724 | D:2      | Learned a level 2 spell: Slow
  2203 | D:2      | Reached skill level 4 in Spellcasting
  2203 | D:2      | Reached XP level 4. HP: 15/25 MP: 4/12
  2553 | D:3      | Reached skill level 1 in Hexes
  3074 | D:4      | Reached XP level 5. HP: 30/30 MP: 10/13
  3470 | D:4      | Noticed Grinder
  3666 | D:4      | Found a staircase to the Ecumenical Temple.
  3672 | Temple   | Entered the Ecumenical Temple
  3719 | Temple   | Became a worshipper of Vehumet
  4359 | D:4      | Noticed a black bear
  4374 | D:4      | Killed a black bear
  4375 | D:4      | Reached skill level 5 in Spellcasting
  4375 | D:4      | Reached XP level 6. HP: 36/36 MP: 7/15
  4490 | D:4      | Noticed an orc warrior
  4507 | D:4      | Paralysed by Grinder for 5 turns
  4611 | D:4      | Killed an orc warrior
  5039 | D:5      | Entered Level 5 of the Dungeon
  5051 | D:5      | Reached XP level 7. HP: 40/40 MP: 9/17
  5120 | D:5      | Learned a level 4 spell: Sticky Flame
  5268 | D:4      | Mangled by an ogre

Illustrated notes

Levels and vault maps discovered:
D:1:      roderic_crossed_star, layout_basic
D:2:      layout_rooms, shapermc_ecumenical_altar_hornbeckon, basic_altar
D:3:      layout_rooms, hangedman_decor_growths, minmay_close_crescents
D:4:      layout_basic, kennysheep_little_box, minmay_temple_entry_fiery,
          guppyfry_early_orc_mine, uniq_grinder
D:5:      layout_loops_ring, minmay_shop_enchanted_jewellery, uniq_menkaure
Temple:   minmay_crystal_spiral_temple

Skill      XL: |  1  2  3  4  5  6  7 |
---------------+----------------------+-----
Fighting       | 1 2 3 |  3.0
Stealth        | 3 4 |  4.2
Spellcasting   | 4 5 |  5.6
Hexes          | 1 2 |  2.8
Conjurations   | 2 3 |  3.0
Fire Magic     | 4 |  4.3
Dodging        | |  2.4

Action                   |  1- 3 |  4- 6 |  7- 9 || total
-------------------------+-------+-------+-------++-------
Melee: Dagger            |     6 |       |       ||     6
 Cast: Foxfire           |    77 |    80 |     8 ||   165
       Conjure Flame     |     1 |     4 |     1 ||     6
       Inner Flame       |       |     4 |     1 ||     5
       Slow              |       |     1 |       ||     1
  Use: Scroll            |     2 |       |       ||     2
       Potion            |       |     1 |       ||     1
Armor: Robe              |    12 |    14 |       ||    26
Dodge: Dodged            |    28 |    24 |     1 ||    53
Block: Other             |       |     4 |     1 ||     5
       Reflection        |       |     1 |       ||     1
